 Dungeon Crawl Stone Soup version 0.28-a0-1613-gdaab1c2f9b (console) character file.

Game seed: 7172752852217683838

60 Melian the Chopper (level 3, -8/33 HPs)
             Began as a Minotaur Berserker on Jan 21, 2022.
             Was a Follower of Trog.
             Mangled by Sigmund (11 damage)
             ... on level 2 of the Dungeon.
             The game lasted 00:04:25 (1523 turns).

Melian the Chopper (Minotaur Berserker)             Turns: 1523, Time: 00:04:26

Health: -8/33      AC:  0    Str: 23    XL:     3   Next: 80%
Magic:  2/2        EV: 19    Int:  4    God:    Trog [*.....]
Gold:   102        SH:  0    Dex: 14    Spells: 2/2 levels left

rFire   . . .      SeeInvis .   (weapon currently unavailable)
rCold   . . .      Faith    .   (shield currently unavailable)
rNeg    . . .      Spirit   .   (armour currently unavailable)
rPois   .          Reflect  .   (helmet currently unavailable)
rElec   .          Harm     .   (cloak currently unavailable)
rCorr   .          Rampage  .   (gloves currently unavailable)
Will    .....                   (boots currently unavailable)
Stlth   +.........              (no amulet)
HPRegen 0.11/turn               (ring currently unavailable)
MPRegen 0.08/turn               (ring currently unavailable)

@: bat-form, on berserk cooldown, flying, slowed, quick
A: fast, flying, no casting, tiny, (horns 2), (retaliatory headbutt)
a: Renounce Religion, Berserk


You were on level 2 of the Dungeon.
You worshipped Trog.
Trog was aware of your devotion.
You were a bat.
You visited 1 branch of the dungeon, and saw 2 of its levels.

You collected 102 gold pieces.

Inventory:

Hand Weapons
 a - a +0 hand axe (melded)
Armour
 e - a +0 ring mail (melded)
Scrolls
 c - a scroll of identify {unknown}
 i - 3 scrolls of teleportation {unknown}
 l - 3 scrolls of enchant weapon {unknown}
Potions
 b - 2 potions of curing {unknown}
 d - a potion of attraction {unknown}
 f - a potion of brilliance {unknown}
 g - 2 potions of haste {unknown}
 h - a potion of might {unknown}
 j - a potion of heal wounds {unknown}
 k - a potion of berserk rage {unknown}


   Skills:
 + Level 4.2 Fighting
 + Level 4.3 Axes
 + Level 3.2 Armour
 + Level 2.9 Dodging


You had 2 spell levels left.
You didn't know any spells.
Your spell library was empty.

Dungeon Overview and Level Annotations

Branches:
Dungeon (2/15)

Altars:

Annotations:
D:2 Sigmund


Innate Abilities, Weirdness & Mutations

You are a bat.
You are tiny and dextrous.
You move quickly.
You are flying.
Your equipment is almost entirely melded.
You are incapable of wielding weapons or throwing items.
You cannot cast spells.
((You have a pair of horns on your head.))
((You reflexively headbutt those who attack you in melee.))


Message History

Sigmund flickers and vanishes!
Deactivating autopickup; reactivate with Ctrl-A.
A red film seems to cover your vision as you go berserk!
You feel yourself moving faster!
You feel mighty! Natasha casts a spell at you.
You feel yourself slow down. Something closely misses you.
You bite Natasha!
Natasha is severely wounded.
Natasha stares at you and mumbles some strange words.
You feel as though you will be slow longer.
You barely miss Natasha.
Natasha is severely wounded.
Natasha misses you. Something hits you!
You hit Natasha.
You feel the power of Trog in you as your rage grows.
You kill Natasha!
Trog accepts your kill.
Trog appreciates your killing of a magic user.
Natasha yowls pathetically as she dies!
Something hits you!
You barely miss something. You hit something. Something hits you.
You bite something! Something hits you.
You barely miss something. You hit something. Something hits you!
* * * LOW HITPOINT WARNING * * *
Unknown command.
You barely miss something. You hit something. Something hits you.
* * * LOW HITPOINT WARNING * * *
You hit something. Something closely misses you.
You closely miss something.
You are no longer berserk.
You are exhausted.
You feel as though you will be slow longer.
You hit something but do no damage.
You hear some strange, mumbled words.
Something tries to affect you, but you resist.
Something hits you!
You die...

##.########...^.....#
#...##..............#
#......####.........#
#...#### ##.....#####
##### ##..>......
#....##### #.#### #.#
#.# ####### #.#
......## #####b####
.......# #.....{..#
.......# #.###.##.#
.......#####. #.# #
...).<....... .#.
.......#####. .# #
.......# .. ..<....#
## ......## ###.###
#>#


There were no monsters in sight!

Vanquished Creatures
  Natasha (D:2)
  A gnoll (D:1)
  6 bats
  An endoplasm (D:1)
  2 giant cockroaches
  5 goblins
  2 quokkas
  2 frilled lizards
  3 kobolds (D:1)
  2 rats
25 creatures vanquished.

Notes
Turn   | Place    | Note
-------+----------+-------------------------------------------
     0 | D:1      | Melian the Minotaur Berserker began the quest for the Orb.
     0 | D:1      | Reached XP level 1. HP: 19/19 MP: 0/0
   489 | D:1      | Reached XP level 2. HP: 22/27 MP: 1/1
  1048 | D:1      | Reached XP level 3. HP: 33/33 MP: 2/2
  1504 | D:2      | Noticed Natasha
  1505 | D:2      | Noticed Sigmund
  1512 | D:2      | Killed Natasha
  1523 | D:2      | Mangled by Sigmund

Illustrated notes

Levels and vault maps discovered:
D:1:      dpeg_arrival_three_bigger_balls, layout_basic, minmay_misc_feat_rows
D:2:      layout_loops_corners, shapermc_ecumenical_altar_flowoftime,
          uniq_sigmund, uniq_natasha

Skill      XL: |  1  2 |
---------------+-------+-----
Fighting       | 4 |  4.2
Axes           | 4 |  4.3
Armour         | 3 |  3.2
Dodging        | |  2.9

Action                   || total
-------------------------++-------
Melee: Hand axe          ||    55
       Headbutt          ||     5
       Unarmed           ||    13
Invok: Berserk           ||     1
Armor: Animal skin       ||     7
       Ring mail         ||    17
Dodge: Dodged            ||    43

Table legend: (Time is in decaauts)
 A = Elapsed time spent in this place.
 B = Non-inter-level travel time spent in this place.
 C = Inter-level travel time spent in this place.
 D = Time resting spent in this place.
 E = Time spent auto-exploring this place.
 F = Levels seen in this place.
 G = Mean time per level.
                   A        B        C        D        E       F      G
               +--------+--------+--------+--------+--------+-----+--------+
         Total |   1526 |   1503 |     23 |      0 |   1220 |   2 |  763.0 |
       Dungeon |   1526 |   1503 |     23 |      0 |   1220 |   2 |  763.0 |
               +--------+--------+--------+--------+--------+-----+--------+

Top non-repeatable levels by time:
     D:1: 1098 daAuts
     D:2: 428 daAuts
